 Seeded DCSS version 0.30-a0-1043-g60ff8d5f49 (webtiles) character file.

Game seed: 10352460324943366261 (custom seed)

652 GigaChad the Chopper (level 7, -7/55 HPs)
             Began as a Formicid Fighter on Apr 11, 2023.
             Mangled by an ogre
             ... wielding a +0 giant club
              (30 damage)
             ... on level 5 of the Dungeon.
             The game lasted 00:04:40 (3524 turns).

GigaChad the Chopper (Formicid Fighter)             Turns: 3524, Time: 00:04:41

Health: -7/55      AC:  9    Str: 28    XL:     7   Next: 84%
Magic:  7/7        EV:  7    Int:  8    God:
Gold:   1389       SH:  0    Dex: 13    Spells: 6/6 levels left

rFire   . . .      SeeInvis +    a - +1 war axe
rCold   . . .      Faith    .    g - +0 kite shield
rNeg    . . .      Spirit   .    r - +0 chain mail
rPois   .          Reflect  .    (helmet unavailable)
rElec   .          Rampage  .    (no cloak)
rCorr   .                        (no gloves)
Will    .....                    (no boots) Stlth
                                 (no amulet)
HPRegen 0.29/turn                e - +6 ring of strength
MPRegen 0.10/turn                (no ring)

@: confused
A: permanent stasis, dig shafts and tunnels, antennae 3, four strong arms
a: Dig, Shaft Self


You were on level 5 of the Dungeon.
You visited 1 branch of the dungeon, and saw 5 of its levels.

You collected 1389 gold pieces.

Inventory:

Hand Weapons
 a - a +1 war axe (weapon)
Missiles
 t - a throwing net
Armour
 b - a +0 scale mail
 c - a +0 buckler
 g - a +0 kite shield (worn)
 r - a +0 chain mail (worn)
Jewellery
 e - a +6 ring of strength (left hand)
 k - a ring of magical power
 q - a ring of magical power
Scrolls
 f - a scroll of fear
 j - 3 scrolls of identify
Potions
 d - a potion of might
 h - a potion of flight
 i - a potion of attraction {unknown}
 l - a potion of degeneration
 m - a potion of brilliance
 n - a potion of curing {unknown}
 o - 2 potions of ambrosia
 p - 6 potions of lignification {unknown}
 s - a potion of magic {unknown}


   Skills:
 + Level 4.4 Fighting
 * Level 6.7 Axes
 + Level 4.5 Armour
 + Level 5.1 Shields


You had 6 spell levels left.
You didn't know any spells.
Your spell library contained the following spells:

 Spells                   Type           Power      Damage    Failure   Level
 Apportation              Tloc           0%         N/A       99%         1
 Kiss of Death            Conj/Necr      0%         2d5       99%         1
 Magic Dart               Conj           0%         1d3       99%         1
 Necrotise                Necr           0%         1d4       99%         1
 Slow                     Hex            0%         N/A       99%         1
 Summon Small Mammal      Summ           0%         N/A       99%         1
 Searing Ray              Conj           0%         2d4       99%         2
 Confusing Touch          Hex            0%         N/A       100%        3
 Hailstorm                Conj/Ice       0%         3d3       100%        3
 Vampiric Draining        Necr           0%         2d6       100%        3
 Dispel Undead            Necr           0%         3d6       100%        4
 Fulminant Prism          Conj/Hex       0%         3d5       100%        4
 Ice Form                 Ice/Tmut       0%         N/A       100%        4
 Manifold Assault         Tloc           0%         N/A       100%        4
 Simulacrum               Ice/Necr       0%         N/A       100%        6
 Storm Form               Tmut/Air       0%         N/A       100%        7
 Blink                    Tloc           Unusable   N/A       N/A         2

Dungeon Overview and Level Annotations

Branches:
Dungeon (5/15)
 Temple: D:4-7

Altars:

Shops:
D:1 [

Annotations:
D:2 1 runed translucent door, Crazy Yiuf, Jessica


Innate Abilities, Weirdness & Mutations

You cannot be hasted, slowed, berserked, paralysed or teleported.
You can dig through walls and to a lower floor.
You have a pair of large antennae on your head. (SInv)
Your four strong arms can wield two-handed weapons with a shield.


Message History

The orc wizard casts a spell at you. You block the puff of flame.
The orc priest calls upon Beogh to heal the orc wizard.
The orc wizard is healed somewhat.
The orc wizard hits you but does no damage.
The orc priest calls down the wrath of Beogh upon you.
Beogh smites you! The adder bites you but does no damage.
You completely miss the orc priest.
The orc priest is moderately wounded.
You barely miss the adder. You hit the orc wizard.
The adder bites you but does no damage. You block the orc wizard's attack.
The orc priest barely misses you.
Unknown command.
You slash the orc priest!
The orc priest is almost dead.
You slash the orc wizard! You closely miss the adder.
You block the adder's attack.
The orc wizard gestures at you while chanting.
You are confused.
The orc priest mumbles some strange prayers to Beogh against you.
Beogh smites you!
The iguana hisses menacingly.
The adder closely misses you.
You are too confused!
Unknown command.
You are too confused!
You are too confused!
Unknown command.
Unknown command.
You are too confused!
You barely miss the orc priest.
The orc priest is almost dead.
You closely miss the adder. You slash the orc wizard!
You kill the orc wizard!
The orc priest hits you with a +0 falchion.
The adder bites you but does no damage.
The orc priest miscasts a cantrip.
The ogre hits you with a +0 giant club!!
Ouch! That really hurt!
You die...

##.......##.[......
#.>.....##...####.
#.......#########
##.......#.......#
#........'.......#
###########......#
{ .......##......#
......S.'......#
.....lo@#......#
......O##...####
....... #...#
....... #.....
....... .......
....... ........
....... .....<..
......$


You could see an ogre, an iguana, an orc priest and an adder.

Vanquished Creatures
  A black bear (D:4)
  An ogre (D:3)
  Blork the orc (D:4)
  A bullfrog (D:3)
  A howler monkey (D:4)
  A hound (D:3)
  A sleepcap (D:4)
  An iguana (D:3)
  2 orc wizards
  4 gnolls
  6 adders
  A worm (D:2)
  2 dart slugs
  8 orcs
  10 ball pythons
  11 endoplasms
  3 giant cockroaches (D:3)
  2 hobgoblins
  9 jackals
  4 quokkas
  5 bats
  3 frilled lizards (D:1)
  5 goblins
  7 kobolds
  3 rats
93 creatures vanquished.

Vanquished Creatures (others)
  8 plants (D:1)
8 creatures vanquished.

Grand Total: 101 creatures vanquished

Notes
Turn   | Place    | Note
-------+----------+-------------------------------------------
     0 | D:1      | GigaChad the Formicid Fighter began the quest for the Orb.
     0 | D:1      | Reached XP level 1. HP: 18/18 MP: 1/1
   187 | D:1      | Reached XP level 2. HP: 23/24 MP: 2/2
   337 | D:1      | Found a faded altar of an unknown god.
   457 | D:1      | Reached XP level 3. HP: 26/29 MP: 3/3
   479 | D:1      | Found Huege's Antique Armour Shoppe.
   863 | D:2      | Reached skill level 3 in Axes
   863 | D:2      | Reached XP level 4. HP: 19/36 MP: 4/4
  1456 | D:2      | Reached XP level 5. HP: 42/42 MP: 5/5
  1641 | D:2      | Found a runed translucent door.
  1641 | D:2      | Noticed Jessica
  1642 | D:2      | Noticed Crazy Yiuf
  1692 | D:3      | Reached skill level 4 in Axes
  2172 | D:3      | Noticed a bullfrog
  2181 | D:3      | Killed a bullfrog
  2182 | D:3      | Reached XP level 6. HP: 48/48 MP: 6/6
  2323 | D:3      | Identified a scroll of acquirement
  2323 | D:3      | Acquired 1193 gold pieces
  2387 | D:3      | Noticed an ogre
  2393 | D:3      | Killed an ogre
  2394 | D:3      | Reached skill level 5 in Axes
  2496 | D:3      | Reached XP level 7. HP: 42/54 MP: 7/7
  2854 | D:4      | Noticed Blork the orc
  2860 | D:4      | Killed Blork the orc
  2861 | D:4      | Reached skill level 5 in Shields
  2863 | D:4      | Reached skill level 6 in Axes
  3429 | D:5      | Entered Level 5 of the Dungeon
  3524 | D:5      | Mangled by an ogre

Illustrated notes

Levels and vault maps discovered:
D:1:      roderic_crop_circles_arrival_large, layout_basic,
          dreamdust_ecumenical_altar_grove, serial_shops, shop, st_stairs_6
D:2:      layout_loops_ring, uniq_crazy_yiuf_cottage, uniq_jessica
D:3:      layout_loops_corners
D:4:      layout_basic, kennysheep_minor_cross, chequers_serial_rivers_large_b,
          uniq_blork_the_orc
D:5:      layout_gridville, nicolae_tso_besieged_by_evil, temple_green,
          serial_park_tiny_1, chequers_serial_rivers_marsh

Skill      XL: |  1  2  3  4  5  6  7 |
---------------+----------------------+-----
Axes           | 3 4 5 6 |  6.7
Armour         | 4 |  4.5
Fighting       | 4 |  4.4
Shields        | 5 |  5.1

Action                     |  1- 3 |  4- 6 |  7- 9 || total
---------------------------+-------+-------+-------++-------
  Melee: War axe           |    69 |   118 |    59 ||   246
    Use: Scroll            |     2 |     9 |       ||    11
 Armour: Scale mail        |    35 |    50 |       ||    85
         Chain mail        |       |    21 |    33 ||    54
  Dodge: Dodged            |    30 |    40 |    36 ||   106
  Block: Kite shield       |    24 |    66 |    29 ||   119

Table legend: (Time is in decaauts)
 A = Elapsed time spent in this place.
 B = Non-inter-level travel time spent in this place.
 C = Inter-level travel time spent in this place.
 D = Time resting spent in this place.
 E = Time spent auto-exploring this place.
 F = Levels seen in this place.
 G = Mean time per level.
                   A        B        C        D        E       F      G
               +--------+--------+--------+--------+--------+-----+--------+
         Total |   3655 |   3518 |    137 |    109 |   2618 |   5 |  731.0 |
       Dungeon |   3655 |   3518 |    137 |    109 |   2618 |   5 |  731.0 |
               +--------+--------+--------+--------+--------+-----+--------+

Top non-repeatable levels by time:
     D:3: 1081 daAuts
     D:2: 919 daAuts
     D:1: 825 daAuts
     D:4: 727 daAuts
     D:5: 100 daAuts
